 Dungeon Crawl Stone Soup version 0.28-a0-514-g0d7ab7f379 (webtiles) character file.

Game seed: 9611533099833650300

245 siradein the Bolt Thrower (level 5, -4/47 HPs)
             Began as a Minotaur Hunter on Sept 23, 2021.
             Splashed by a jelly's acid (10 damage)
             ... on level 4 of the Dungeon.
             The game lasted 00:05:04 (2805 turns).

siradein the Bolt Thrower (Minotaur Hunter)         Turns: 2805, Time: 00:05:05

Health: -4/47      AC:  0    Str: 17    XL:     5   Next: 83%
Magic:  4/4        EV:  6    Int:  8    God:
Gold:   112        SH:  0    Dex: 17    Spells: 4/4 levels left

rFire   . . .      SeeInvis .   q - +0 dagger (flame)
rCold   . . .      Faith    .   (no shield)
rNeg    . . .      Spirit   .   b - +0 plate armour
rPois   .          Reflect  .   (helmet restricted)
rElec   .          Harm     .   l - +0 cloak
rCorr   .          Rampage  .   (no gloves)
Will    .....                   (no boots)
Stlth   ..........              (no amulet)
HPRegen 0.15/turn               i - +6 ring of dexterity
MPRegen 0.09/turn               (no ring)

@: corroded
A: horns 2, retaliatory headbutt
a: no special abilities


You were on level 4 of the Dungeon.
You visited 1 branch of the dungeon, and saw 4 of its levels.

You collected 112 gold pieces.

Inventory:

Hand Weapons
 a - a +1 hand crossbow
 g - a +1 dagger of venom
 k - a +0 dagger of holy wrath
 q - a +0 dagger of flaming (weapon)
Missiles
 d - 39 bolts
 m - 17 stones
 n - 20 poisoned darts (quivered)
 p - 17 sling bullets
Armour
 b - a +0 plate armour (worn)
 l - a +0 cloak (worn)
Jewellery
 i - a +6 ring of dexterity (left hand)
Wands
 r - a wand of paralysis (10)
Scrolls
 e - a scroll of amnesia {unknown}
 f - a scroll of blinking {unknown}
 j - a scroll of teleportation {unknown}
 o - a scroll of enchant weapon {unknown}
Potions
 c - a potion of lignification {unknown}
 h - 2 potions of berserk rage {unknown}


   Skills:
 + Level 4.6 Fighting
 + Level 5.8 Crossbows
 + Level 3.4 Armour
 - Level 2.6 Dodging
 - Level 0.7 Stealth


You had 4 spell levels left.
You didn't know any spells.
Your spell library was empty.

Dungeon Overview and Level Annotations

Branches:
Dungeon (4/15)
 Temple: D:4-7

Altars:

Annotations:
D:3 3 runed translucent doors, CraigForest's ghost, weakling DrTm


Innate Abilities, Weirdness & Mutations

You have a pair of horns on your head.
You reflexively headbutt those who attack you in melee.


Message History

The jelly quivers.
Okay, then.
Your +1 dagger of venom stops dripping with poison.
Your +0 dagger of flaming bursts into flame!
q - a +0 dagger of flaming (weapon)
You hit the jelly. You burn the jelly.
Your hands burn!
The jelly is moderately wounded.
The jelly hits you. The acid corrodes you!
You are splashed with acid!
You hit the jelly. You burn the jelly.
Your hands burn!
The jelly is moderately wounded.
The jelly hits you but does no damage.
You completely miss the jelly.
The jelly is moderately wounded.
The jelly hits you but does no damage.
You hit the jelly but do no damage. The acid corrodes you!
Your hands burn!
The jelly is moderately wounded.
The jelly hits you but does no damage.
You hit the jelly but do no damage.
Your hands burn!
You headbutt the jelly, but do no damage.
The jelly is moderately wounded.
The jelly hits you but does no damage.
You hit the jelly but do no damage.
Your hands burn!
The jelly is moderately wounded.
The jelly hits you. The acid corrodes you!
You are splashed with acid!
You are too injured to fight recklessly!
You are too injured to fight recklessly!
The jelly jiggles.
You hit the jelly but do no damage.
Your hands burn!
You headbutt the jelly!
The jelly is severely wounded.
The jelly hits you.
* * * LOW HITPOINT WARNING * * *
You are splashed with acid!
* * * LOW HITPOINT WARNING * * *
Found a wand of paralysis (11).
Found 21 arrows.
There is an open door here.
The jelly hits you.
* * * LOW HITPOINT WARNING * * *
You are splashed with acid!
You die...

########## #...#....#
#...#....# #...#....#
#....#...#....#
#....#...#....#
#....#'###....#####
#....#@..###......#
#....#J....'......#
#....#.....#......#
#....#.....#......#
#######
###....#...###......#####
......###....###...#
###.........
.####...#....'.....#
#......... ##
#...#....#.....#
#......... #
#.###....#.....#
#.........


You could see a jelly.

Vanquished Creatures
  An ogre (D:3)
  A scorpion (D:2)
  2 adders
  An adder skeleton (D:4)
  5 dart slugs
  6 orcs
  2 ball pythons
  2 bats
  4 endoplasms
  2 giant cockroaches
  4 goblins (D:1)
  5 hobgoblins
  7 jackals
  4 kobolds
  6 quokkas
  3 frilled lizards (D:1)
  4 rats
59 creatures vanquished.

Vanquished Creatures (others)
  A plant (D:1)
1 creature vanquished.

Grand Total: 60 creatures vanquished

Notes
Turn   | Place    | Note
-------+----------+-------------------------------------------
     0 | D:1      | siradein the Minotaur Hunter began the quest for the Orb.
     0 | D:1      | Reached XP level 1. HP: 18/18 MP: 0/0
   114 | D:1      | Reached XP level 2. HP: 24/25 MP: 1/1
   146 | D:1      | Found a faded altar of an unknown god.
   610 | D:1      | Reached XP level 3. HP: 31/31 MP: 2/2
   943 | D:1      | Reached skill level 1 in Armour
  1239 | D:2      | Noticed a scorpion
  1243 | D:2      | Killed a scorpion
  1244 | D:2      | Reached skill level 5 in Crossbows
  1244 | D:2      | Reached XP level 4. HP: 40/40 MP: 3/3
  2107 | D:3      | Noticed CraigForest's ghost (weakling DrTm)
  2114 | D:3      | Found a runed translucent gate.
  2114 | D:3      | Found a runed translucent gate.
  2114 | D:3      | Found a runed translucent gate.
  2212 | D:3      | Noticed an ogre
  2218 | D:3      | Killed an ogre
  2219 | D:3      | Reached XP level 5. HP: 47/47 MP: 4/4
  2805 | D:4      | Splashed by a jelly's acid

Illustrated notes

Levels and vault maps discovered:
D:1:      lightli_arrival_quake, layout_basic,
          shapermc_ecumenical_altar_flowoftime
D:2:      layout_basic
D:3:      layout_rooms, gammafunk_ghost_split
D:4:      cheibrodos_barr_body, layout_gridville, tso_oasis_becter,
          marbit_many_paths, serial_shops, nicolae_stop_n_shop_1,
          lightli_minifort

Skill      XL: |  1  2  3  4 |
---------------+-------------+-----
Fighting       | 3 4 |  4.6
Armour         | 2 3 |  3.4
Crossbows      | 5 |  5.8
Dodging        | |  2.6
Stealth        | |  0.7

Action                   |  1- 3 |  4- 6 || total
-------------------------+-------+-------++-------
Melee: Dagger            |    58 |    82 ||   140
       Short sword       |     4 |       ||     4
       Headbutt          |     6 |    22 ||    28
 Fire: Hand crossbow     |     3 |     3 ||     6
 Stab: Sleeping          |     1 |       ||     1
Armor: Leather armour    |     6 |       ||     6
       Plate armour      |    22 |    46 ||    68
Dodge: Dodged            |    23 |    21 ||    44

Table legend: (Time is in decaauts)
 A = Elapsed time spent in this place.
 B = Non-inter-level travel time spent in this place.
 C = Inter-level travel time spent in this place.
 D = Time resting spent in this place.
 E = Time spent auto-exploring this place.
 F = Levels seen in this place.
 G = Mean time per level.
                   A        B        C        D        E       F      G
               +--------+--------+--------+--------+--------+-----+--------+
         Total |   2803 |   2708 |     95 |     57 |   2205 |   4 |  700.8 |
       Dungeon |   2803 |   2708 |     95 |     57 |   2205 |   4 |  700.8 |
               +--------+--------+--------+--------+--------+-----+--------+

Top non-repeatable levels by time:
     D:1: 1202 daAuts
     D:2: 721 daAuts
     D:3: 484 daAuts
     D:4: 393 daAuts
